TOP OF THE 1ST |
---|
Surrey Sinners batting - Pitching for Eau Claire Esquires : RHP Rafael Souza | Pitching: RHP Rafael Souza | | Batting: RHB Jake Townsend | 0-0: Ball 1-0: Called Strike 1-1: Called Strike 1-2: Foul Ball, location: 2F 1-2: Ball 2-2: Ground out 4-3 (Groundball, 4) | Batting: RHB Robert Sipple | 0-0: SINGLE (Groundball, 6MD) | Batting: LHB Carlos Hernández | 0-0: Ball 1-0: SINGLE (Line Drive, 6D) Robert Sipple to second | Batting: LHB Robert Mann | 0-0: Called Strike 0-1: Called Strike 0-2: Strikes out looking | Batting: RHB Christian Porter | 0-0: Foul Ball, location: 2F 0-1: Foul Ball, location: 2F 0-2: Strikes out swinging | Top of the 1st over - 0 runs, 2 hits, 0 errors, 2 left on base; Surrey 0 - Eau Claire 0 | BOTTOM OF THE 1ST |
---|
Eau Claire Esquires batting - Pitching for Surrey Sinners : RHP Manuel Colón | Pitching: RHP Manuel Colón | | Batting: LHB Johnny Foley | 0-0: Fly out, F5 (Line Drive, 5S) | Batting: RHB Jason Smith | 0-0: Ball 1-0: Ball 2-0: Called Strike 2-1: Foul Ball, location: 2F 2-2: Ball 3-2: Base on Balls | Batting: RHB Gary Roberts | 0-0: Ball 1-0: Foul Ball, location: 2F 1-1: Ball 2-1: Foul Ball, location: 2F 2-2: Foul Ball, location: 2F 2-2: Ground out 4-3 (Groundball, 4D) Jason Smith to second | Batting: LHB Steve Arnold | 0-0: Swinging Strike 0-1: Foul Ball, location: 2F 0-2: Strikes out swinging | Bottom of the 1st over - 0 runs, 0 hits, 0 errors, 1 left on base; Surrey 0 - Eau Claire 0 | TOP OF THE 2ND |
---|
Surrey Sinners batting - Pitching for Eau Claire Esquires : RHP Rafael Souza | Batting: RHB Jorge Barrios | 0-0: Called Strike 0-1: Ball 1-1: Swinging Strike 1-2: Fly out, F4 (Popup, 4S) | Batting: LHB Pedro Fernández | 0-0: Called Strike 0-1: Ground out 4-3 (Groundball, 4) | Batting: RHB Francisco Martínez | 0-0: Called Strike 0-1: SINGLE (Groundball, 4D) | Batting: RHB Jeff Buck | 0-0: Called Strike Francisco Martínez steals 2nd base 0-1: Ball 1-1: Ground out 4-3 (Groundball, 4S) | Top of the 2nd over - 0 runs, 1 hit, 0 errors, 1 left on base; Surrey 0 - Eau Claire 0 | BOTTOM OF THE 2ND |
---|
Eau Claire Esquires batting - Pitching for Surrey Sinners : RHP Manuel Colón | Batting: RHB Luis Cherena | 0-0: Called Strike 0-1: Called Strike 0-2: Ball 1-2: Ball 2-2: Ball 3-2: Foul Ball, location: 2F 3-2: Fly out, F5 (Popup, 5SF) | Batting: RHB Jonathan Jackson | 0-0: Ball 1-0: Ball 2-0: Ball 3-0: Called Strike 3-1: Fly out, F9 (Flyball, 9D) | Batting: RHB Vincente Ramírez | 0-0: Called Strike 0-1: Called Strike 0-2: Strikes out swinging | Bottom of the 2nd over - 0 runs, 0 hits, 0 errors, 0 left on base; Surrey 0 - Eau Claire 0 | TOP OF THE 3RD |
---|
Surrey Sinners batting - Pitching for Eau Claire Esquires : RHP Rafael Souza | Batting: RHB Jake Townsend | 0-0: Ball 1-0: Swinging Strike 1-1: Called Strike 1-2: Ball 2-2: Foul Ball, location: 2F 2-2: Strikes out swinging | Batting: RHB Robert Sipple | 0-0: SINGLE (Groundball, 56S) (infield hit) | Batting: LHB Carlos Hernández | 0-0: Fly out, F9 (Flyball, 89M) | Batting: LHB Robert Mann | 0-0: Called Strike 0-1: Ball 1-1: 2-RUN HOME RUN (Flyball, 9D), Distance : 340 ft | Batting: RHB Christian Porter | 0-0: Called Strike 0-1: Ball 1-1: Ball 2-1: DOUBLE (Flyball, 89D) | Batting: RHB Jorge Barrios | 0-0: Ball 1-0: Foul Ball, location: 2F 1-1: Ball 2-1: Fly out, F8 (Flyball, 8LXD) | Top of the 3rd over - 2 runs, 3 hits, 0 errors, 1 left on base; Surrey 2 - Eau Claire 0 | BOTTOM OF THE 3RD |
---|
Eau Claire Esquires batting - Pitching for Surrey Sinners : RHP Manuel Colón | Batting: RHB Tom McBride | 0-0: Ball 1-0: Called Strike 1-1: Foul Ball, location: 2F 1-2: Foul Ball, location: 2F 1-2: DOUBLE (Flyball, 78D) | Batting: RHB Nick McIntyre | 0-0: Foul Ball, location: 2F 0-1: Ball 1-1: Foul Ball, location: 2F 1-2: SINGLE (Line Drive, 9S) Tom McBride to third | Batting: LHB Johnny Foley | 0-0: Swinging Strike 0-1: Ball 1-1: Ball 2-1: Called Strike 2-2: Foul Ball, location: 2F 2-2: Ball 3-2: Base on Balls Nick McIntyre to second | Batting: RHB Jason Smith | 0-0: Foul Ball, location: 2F 0-1: Ball 1-1: SINGLE (Line Drive, 8LS) Tom McBride scores Nick McIntyre to third Johnny Foley to second Runner from 3rd tries for Home, SAFE, no throw | Batting: RHB Gary Roberts | 0-0: Ball 1-0: Called Strike 1-1: Called Strike 1-2: Strikes out swinging | Batting: LHB Steve Arnold | 0-0: Fly out, F8 (Flyball, 8RD) | Batting: RHB Luis Cherena | 0-0: Ball 1-0: Ball 2-0: Called Strike 2-1: 3-RUN HOME RUN (Flyball, 7D), Distance : 362 ft | Batting: RHB Jonathan Jackson | 0-0: Called Strike 0-1: Ground out 6-3 (Groundball, 6) | Bottom of the 3rd over - 5 runs, 4 hits, 0 errors, 0 left on base; Surrey 2 - Eau Claire 5 | TOP OF THE 4TH |
---|
Surrey Sinners batting - Pitching for Eau Claire Esquires : RHP Rafael Souza | Batting: LHB Pedro Fernández | 0-0: DOUBLE (Flyball, 89D) | Batting: RHB Francisco Martínez | 0-0: Called Strike 0-1: Foul Ball, location: 2F 0-2: Ball 1-2: Ball 2-2: Foul Ball, location: 2F 2-2: Strikes out swinging | Batting: RHB Jeff Buck | 0-0: Called Strike 0-1: Fly out, F8 (Flyball, 8RD) | Batting: RHB Jake Townsend | 0-0: SINGLE (Groundball, 4MD) Pedro Fernández to third Runner from 3rd tries for Home, SAFE, no throw | Batting: RHB Robert Sipple | 0-0: Foul Ball, location: 2F 0-1: Called Strike 0-2: Foul Ball, location: 2F 0-2: Ball 1-2: Fielders Choice at 2nd, U4 (Groundball, 4M) | Top of the 4th over - 1 run, 2 hits, 0 errors, 1 left on base; Surrey 3 - Eau Claire 5 | BOTTOM OF THE 4TH |
---|
Eau Claire Esquires batting - Pitching for Surrey Sinners : RHP Manuel Colón | Batting: RHB Vincente Ramírez | 0-0: DOUBLE (Flyball, 8LXD) | Batting: RHB Tom McBride | 0-0: Ball 1-0: Ball 2-0: Ball 3-0: Called Strike 3-1: SINGLE (Groundball, 34D) Vincente Ramírez to third | Pitching: LHP Ramón Cardenas | | Batting: RHB Nick McIntyre | 0-0: Ball 1-0: Fly out, F9 (Flyball, 9S) | Batting: LHB Johnny Foley | 0-0: Called Strike 0-1: Ball 1-1: Ball 2-1: Swinging Strike 2-2: Strikes out swinging | Batting: RHB Jason Smith | 0-0: Ball 1-0: SINGLE (Line Drive, 89S) Vincente Ramírez scores Tom McBride to second | Batting: RHB Gary Roberts | 0-0: Called Strike 0-1: SINGLE (Groundball, 6) (infield hit) Tom McBride to third Jason Smith to second | Batting: LHB Steve Arnold | 0-0: Called Strike 0-1: Ball 1-1: DOUBLE (Groundball, 3L) Tom McBride scores Jason Smith scores Gary Roberts to third Runner from 3rd tries for Home, SAFE, no throw | Batting: RHB Luis Cherena | 0-0: Swinging Strike 0-1: Swinging Strike 0-2: Foul Ball, location: 2F 0-2: Ball 1-2: Ground out 4-3 (Groundball, 4) | Bottom of the 4th over - 4 runs, 5 hits, 0 errors, 1 left on base; Surrey 3 - Eau Claire 9 | TOP OF THE 5TH |
---|
Surrey Sinners batting - Pitching for Eau Claire Esquires : RHP Rafael Souza | Batting: LHB Carlos Hernández | 0-0: Ball 1-0: Called Strike 1-1: Ground out 3-1 (Groundball, 34) | Batting: LHB Robert Mann | 0-0: Ball 1-0: Ball 2-0: Ball 3-0: Base on Balls | Batting: RHB Christian Porter | 0-0: Foul Ball, location: 2F 0-1: Ball 1-1: Foul Ball, location: 2F 1-2: Strikes out looking | Batting: RHB Jorge Barrios | 0-0: Called Strike 0-1: Foul Ball, location: 2F 0-2: Ball 1-2: Fielders Choice at 2nd, 6-4 (Groundball, 6) | Top of the 5th over - 0 runs, 0 hits, 0 errors, 1 left on base; Surrey 3 - Eau Claire 9 | BOTTOM OF THE 5TH |
---|
Eau Claire Esquires batting - Pitching for Surrey Sinners : LHP Ramón Cardenas | Batting: RHB Jonathan Jackson | 0-0: Called Strike 0-1: Foul Ball, location: 2F 0-2: Strikes out swinging | Batting: RHB Vincente Ramírez | 0-0: Ball 1-0: Ground out 3-1 (Groundball, 34S) | Batting: RHB Tom McBride | 0-0: Called Strike 0-1: Ball 1-1: Called Strike 1-2: Strikes out swinging | Bottom of the 5th over - 0 runs, 0 hits, 0 errors, 0 left on base; Surrey 3 - Eau Claire 9 | TOP OF THE 6TH |
---|
Surrey Sinners batting - Pitching for Eau Claire Esquires : RHP Rafael Souza | Batting: LHB Pedro Fernández | 0-0: Foul Ball, location: 2F 0-1: Ground out U3 (Groundball, 34) | Batting: RHB Francisco Martínez | 0-0: Called Strike 0-1: Ball 1-1: Foul Ball, location: 2F 1-2: Strikes out swinging | Batting: RHB Jeff Buck | 0-0: Called Strike 0-1: Ball 1-1: Called Strike 1-2: Ball 2-2: Ball 3-2: Base on Balls | Batting: RHB Jake Townsend | 0-0: Ball 1-0: Ball 2-0: Foul Ball, location: 2F 2-1: Foul Ball, location: 2F 2-2: Strikes out looking | Top of the 6th over - 0 runs, 0 hits, 0 errors, 1 left on base; Surrey 3 - Eau Claire 9 | BOTTOM OF THE 6TH |
---|
Eau Claire Esquires batting - Pitching for Surrey Sinners : LHP Ramón Cardenas | Batting: RHB Nick McIntyre | 0-0: Ball 1-0: Foul Ball, location: 2F 1-1: Called Strike 1-2: Ball 2-2: Strikes out swinging | Batting: LHB Johnny Foley | 0-0: Called Strike 0-1: Ball 1-1: Called Strike 1-2: Reached on error, E4 (Groundball, 4) | Batting: RHB Jason Smith | 0-0: SINGLE (Groundball, 34D) Johnny Foley to third Runner from 3rd tries for Home, SAFE, throw made home | Batting: RHB Gary Roberts | 0-0: SINGLE (Groundball, 56D) Jason Smith to second | Batting: LHB Steve Arnold | 0-0: Called Strike 0-1: Fly out, F6 (Line Drive, 6M) | Batting: RHB Luis Cherena | 0-0: Foul Ball, location: 2F 0-1: Ball 1-1: Fly out, F7 (Flyball, 7S) | Bottom of the 6th over - 1 run, 2 hits, 1 error, 2 left on base; Surrey 3 - Eau Claire 10 | TOP OF THE 7TH |
---|
Surrey Sinners batting - Pitching for Eau Claire Esquires : RHP Rafael Souza | Batting: RHB Robert Sipple | 0-0: Foul Ball, location: 2F 0-1: Ball 1-1: Called Strike 1-2: Ground out 6-3 (Groundball, 6) | Batting: LHB Carlos Hernández | 0-0: Ball 1-0: Foul Ball, location: 2F 1-1: Called Strike 1-2: Foul Ball, location: 2F 1-2: SINGLE (Line Drive, 34) | Pitching: RHP Pete O'Connor | | Batting: LHB Robert Mann | 0-0: Ball 1-0: Ball Wild Pitch! Carlos Hernández to second 2-0: Ball 3-0: Called Strike 3-1: Swinging Strike 3-2: Foul Ball, location: 2F 3-2: Base on Balls | Batting: RHB Christian Porter | 0-0: Called Strike 0-1: Called Strike 0-2: Strikes out swinging | Batting: RHB Jorge Barrios | 0-0: Ground out 4-3 (Groundball, 4) | Top of the 7th over - 0 runs, 1 hit, 0 errors, 2 left on base; Surrey 3 - Eau Claire 10 | BOTTOM OF THE 7TH |
---|
Eau Claire Esquires batting - Pitching for Surrey Sinners : LHP Ramón Cardenas | Batting: RHB Jonathan Jackson | 0-0: Ball 1-0: Ball 2-0: Called Strike 2-1: Foul Ball, location: 2F 2-2: Strikes out swinging passed ball, reaches first! | Batting: RHB Vincente Ramírez | 0-0: Ball 1-0: SINGLE (Line Drive, 56) Jonathan Jackson to second | Batting: RHB Tom McBride | 0-0: Fly out, F5 (Line Drive, 56S) | Batting: RHB Nick McIntyre | 0-0: Ground out 3-1 (Groundball, 34S) Jonathan Jackson to third Vincente Ramírez to second | Batting: LHB Johnny Foley | 0-0: Fly out, F7 (Flyball, 7S) | Bottom of the 7th over - 0 runs, 1 hit, 0 errors, 2 left on base; Surrey 3 - Eau Claire 10 | TOP OF THE 8TH |
---|
Surrey Sinners batting - Pitching for Eau Claire Esquires : RHP Pete O'Connor | Batting: LHB Pedro Fernández | 0-0: Ball 1-0: Called Strike 1-1: Called Strike 1-2: Ball 2-2: Ball 3-2: Foul Ball, location: 2F 3-2: Base on Balls | Batting: RHB Francisco Martínez | 0-0: Ball 1-0: Ball 2-0: Ball 3-0: Called Strike 3-1: Grounds into double play, 6-4-3 (Groundball, 6) | Batting: RHB Jeff Buck | 0-0: Ball 1-0: Foul Ball, location: 2F 1-1: Called Strike 1-2: Ground out 6-3 (Groundball, 6M) | Top of the 8th over - 0 runs, 0 hits, 0 errors, 0 left on base; Surrey 3 - Eau Claire 10 | BOTTOM OF THE 8TH |
---|
Eau Claire Esquires batting - Pitching for Surrey Sinners : LHP Ramón Cardenas | Batting: RHB Jason Smith | 0-0: Ball 1-0: Foul Ball, location: 2F 1-1: Fly out, F7 (Flyball, 78S) | Batting: RHB Gary Roberts | 0-0: Ball 1-0: Ball 2-0: Ground out 5-3 (Groundball, 56) | Batting: LHB Steve Arnold | 0-0: SINGLE (Groundball, 34D) | Batting: RHB Luis Cherena | 0-0: Ball 1-0: DOUBLE (Flyball, 78XD) Steve Arnold to third Runner from 3rd tries for Home, SAFE, no throw | Batting: RHB Jonathan Jackson | 0-0: Ball 1-0: Ball 2-0: Foul Ball, location: 2F 2-1: 2-RUN HOME RUN (Flyball, 7LD), Distance : 334 ft | Batting: RHB Vincente Ramírez | 0-0: Called Strike 0-1: SINGLE (Groundball, 34D) | Batting: RHB Tom McBride | 0-0: Called Strike 0-1: Ball 1-1: Foul Ball, location: 2F 1-2: Strikes out looking | Bottom of the 8th over - 3 runs, 4 hits, 0 errors, 1 left on base; Surrey 3 - Eau Claire 13 | TOP OF THE 9TH |
---|
Surrey Sinners batting - Pitching for Eau Claire Esquires : RHP Pete O'Connor | Batting: RHB Jake Townsend | 0-0: Fly out, F6 (Popup, 6M) | Batting: RHB Robert Sipple | 0-0: Ground out U3 (Groundball, 3L) | Batting: LHB Carlos Hernández | 0-0: Swinging Strike 0-1: Ball 1-1: Fly out, F8 (Flyball, 8LM) | Top of the 9th over - 0 runs, 0 hits, 0 errors, 0 left on base; Surrey 3 - Eau Claire 13 | |